 Dungeon Crawl Stone Soup version 0.31.0-9-g3a7656b989 (webtiles) character file.

Game seed: 11240002205945127752

456326 juan097 the Warrior (level 23, 0/207 (218) HPs)
             Began as a Minotaur Fighter on Jan 23, 2024.
             Was the Champion of Okawaru.
             Killed from afar by Jory (61 damage)
             ... with a crystal spear
             ... on level 4 of the Vaults on Jan 24, 2024.
             The game lasted 02:47:33 (59304 turns).

juan097 the Warrior (Minotaur Fighter)             Turns: 59304, Time: 02:47:34

HP:   0/207 (218)   AC: 33    Str: 35    XL:     23   Next: 28%
MP:   33/33         EV: 15    Int:  5    God:    Okawaru [******]
Gold: 2046          SH: 13    Dex: 15    Spells: 24/32 levels left

rFire   + . .        b - +3 broad axe (flame)
rCold   + . .        F - +1 kite shield {rPois}
rNeg    . . .        z - +1 plate armour {rC+}
rPois   +            Y - +2 hat of Ronacoxt {rElec rF+ Str+4 Slay-3}
rElec   +            S - +2 cloak
rCorr   .            k - +2 pair of gloves
SInv    +            g - +2 pair of boots
Will    ++...        I - amulet of the acrobat Stlth
                     D - +4 ring of slaying
HPRegen 0.54/turn    V - ring "Ifawnif" {Will+ Str+4 SInv, =R}
MPRegen 0.23/turn

%: acrobat
@: mighty, studying Maces & Flails, drained
A: horns 2, retaliatory headbutt
}: 2/15 runes: barnacled, gossamer
a: Renounce Religion, Heroism, Finesse, Duel


You were on level 4 of the Vaults.
You worshipped Okawaru.
Okawaru was exalted by your worship.
You visited 8 branches of the dungeon, and saw 40 of its levels.
You also visited: Sewer.

You collected 5531 gold pieces.
You spent 3485 gold pieces at shops.

Inventory:

Hand Weapons
 a - the +8 war axe "Efutoin" {vamp, Str+3 Int+3 Dex+4}
   (Okawaru gifted it to you on level 5 of the Lair of Beasts)

   Str+3:     It affects your strength (+3).
   Int+3:     It affects your intelligence (+3).
   Dex+4:     It affects your dexterity (+4).
 b - a +3 broad axe of flaming (weapon)
Missiles
 p - 31 javelins
 r - 10 throwing nets
 C - 8 curare-tipped darts
 K - 14 boomerangs (quivered)
 W - 16 silver javelins
 X - 10 datura-tipped darts
Armour
 g - a +2 pair of boots (worn)
 k - a +2 pair of gloves (worn)
 z - a +1 plate armour of cold resistance (worn)
 F - a +1 kite shield of poison resistance (worn)
 S - a +2 cloak (worn)
 Y - the +2 hat of Ronacoxt (worn) {rElec rF+ Str+4 Slay-3}
   (Okawaru gifted it to you on level 5 of the Lair of Beasts)

   Str+4:     It affects your strength (+4).
   Slay-3:    It affects your accuracy & damage with ranged weapons and melee
   (-3).
   rF+:       It protects you from fire.
   rElec:     It insulates you from electricity.
Jewellery
 c - a ring of positive energy
 d - a ring of willpower
 e - a ring of resist corrosion
 l - an amulet of faith
 D - a +4 ring of slaying (left hand)
 I - an amulet of the acrobat (around neck)
 N - a ring of flight
 Q - a ring of protection from fire
 V - the ring "Ifawnif" (right hand) {Will+ Str+4 SInv, =R}
   (You found it on level 5 of the Lair of Beasts)

   [ring of willpower]

   Str+4:     It affects your strength (+4).
   Will+:     It increases your willpower.
   SInv:      It lets you see invisible.
Wands
 h - a wand of roots (17)
 H - a wand of acid (16)
 O - a wand of paralysis (40)
 Z - a wand of digging (6)
Scrolls
 f - 8 scrolls of immolation
 j - 20 scrolls of teleportation
 m - 35 scrolls of identify
 o - 6 scrolls of fear
 y - 4 scrolls of revelation
 B - 3 scrolls of enchant weapon
 J - a scroll of poison
 M - 5 scrolls of blinking
 T - 2 scrolls of fog
Potions
 i - 4 potions of attraction
 n - 8 potions of curing
 q - 6 potions of berserk rage
 s - 5 potions of invisibility
 t - 7 potions of haste
 u - 4 potions of cancellation
 v - 7 potions of resistance
 w - 3 potions of magic
 x - 6 potions of lignification
 A - 2 potions of ambrosia
 E - 2 potions of enlightenment
 G - 9 potions of heal wounds
 U - 6 potions of might
Miscellaneous
 P - a tin of tremorstones (2/2)


   Skills:
 + Level 20.9 Fighting
 - Level 18.0 Axes
 + Level 16.9 Throwing
 + Level 19.1 Armour
 + Level 13.4 Dodging
 - Level 8.0 Stealth
 + Level 12.0 Shields
 - Level 5.0 Spellcasting
 - Level 11.0 Translocations
 - Level 15.0 Invocations
 - Level 14.0 Evocations


You had 24 spell levels left.
You knew the following spells:

 Your Spells              Type           Power      Damage    Failure   Level
a - Blink                 Tloc           24%        N/A       2%          2
b - Lesser Beckoning      Tloc           24%        N/A       2%          2
c - Manifold Assault      Tloc           12%        N/A       17%         4

Your spell library contained the following spells:

 Spells                   Type           Power      Damage    Failure   Level
 Momentum Strike          Conj/Tloc      12%        3d8       26%         2
 Foxfire                  Conj/Fire      4%         2x1d4     85%         1
 Freeze                   Ice            4%         1d3       85%         1
 Magic Dart               Conj           4%         1d3       85%         1
 Sandblast                Erth           2%         2d4       85%         1
 Cigotuvi's Dreadful Rot  Necr/Alch/Air  2%         N/A       94%         2
 Jinxbite                 Hex            2%         N/A       94%         2
 Scorch                   Fire           2%         2d5       94%         2
 Searing Ray              Conj           2%         2d4       94%         2
 Sublimation of Blood     Necr           1%         N/A       94%         2
 Dispersal                Tloc           6%         N/A       95%         6
 Frozen Ramparts          Ice            2%         1d1       99%         3
 Hailstorm                Conj/Ice       1%         3d5       99%         3
 Passwall                 Erth           1%         N/A       99%         3
 Stone Arrow              Conj/Erth      2%         3d7       99%         3
 Brom's Barrelling Bould  Conj/Erth      1%         2d3       100%        4
 Flame Wave               Conj/Fire      1%         2d4       100%        4
 Fulminant Prism          Conj/Alch      0%         3d5       100%        4
 Ignite Poison            Fire/Alch      1%         N/A       100%        4
 Petrify                  Alch/Erth      1%         N/A       100%        4
 Sticky Flame             Fire/Alch      1%         2d4       100%        4
 Alistair's Intoxication  Alch           0%         N/A       100%        5
 Arcjolt                  Conj/Air       0%         1d10      100%        5
 Borgnjor's Vile Clutch   Necr/Erth      0%         N/A       100%        5
 Fireball                 Conj/Fire      0%         3d3       100%        5
 Freezing Cloud           Conj/Ice/Air   0%         6-21      100%        5
 Iskenderun's Battlesphe  Conj           1%         2d6       100%        5
 Yara's Violent Unravell  Hex/Alch       0%         3d3       100%        5
 Bombard                  Conj/Erth      0%         9d1       100%        6
 Plasma Beam              Fire/Air       0%         2x1d10    100%        6
 Starburst                Conj/Fire      0%         6d3       100%        6
 Enfeeble                 Hex            0%         N/A       100%        7
 Disjunction              Tloc           6%         N/A       100%        8
 Ignition                 Fire           0%         3d3       100%        8
 Summon Ice Beast         Ice/Summ       Unusable   N/A       N/A         3
 Summon Mana Viper        Hex/Summ       Unusable   N/A       N/A         5
 Sculpt Simulacrum        Ice/Alch       Unusable   N/A       N/A         6
 Summon Cactus Giant      Summ           Unusable   N/A       N/A         6
 Monstrous Menagerie      Summ           Unusable   N/A       N/A         7
 Spellforged Servitor     Conj/Summ      Unusable   N/A       N/A         7

Dungeon Overview and Level Annotations

Branches:
Dungeon (15/15)            Temple (1/1) D:7            Lair (5/5) D:9
 Shoals (4/4) Lair:2       Spider (4/4) Lair:2        Slime (0/5) Lair:5
    Orc (2/2) D:10            Elf (0/3) Orc:2        Vaults (4/5) D:13
  Crypt (0/3) Vaults:2     Depths (4/4) D:15            Zot (0/5) Depths:4
  Sewer (visited)

Altars:
Ashenzari
Cheibriados
Dithmenos
Elyvilon
Fedhas
Gozag
Hepliaklqana
Kikubaaqudgha
Makhleb
Nemelex Xobeh
Okawaru
Qazlal
Ru
Sif Muna
Trog
Uskayaw
Vehumet
Wu Jian
Xom
Yredelemnul
Zin
The Shining One

Shops:
Orc:2 [[*?   Shoals:1 (*   Vaults:4 :   Depths:4 :

Portals:
Hell: Depths:1 Depths:2 Depths:3 Depths:4
Abyss: Depths:1 Depths:2 Depths:3 Depths:4
Pandemonium: Depths:1 Depths:2 Depths:4
Ziggurat: Depths:3

Annotations:
D:10 4 runed translucent doors
Vaults:4 Jory


Innate Abilities, Weirdness & Mutations

You have a pair of horns on your head.
You reflexively headbutt those who attack you in melee.


Message History

You feel less confused.
You feel the dreadful sensation subside.
Your +3 broad axe of flaming bursts into flame!
b - a +3 broad axe of flaming (weapon)
There is an empty arch of ancient stone, spattered with blood here.
You feel very mighty all of a sudden.
You start resting.
Okawaru bids you farewell from the Arena.
You start resting.
The spectator waves a pennant with your name on it.
You are returned from the Arena.
Welcome back to the Vaults!
Level annotation: Jory
There is a stone staircase leading down, spattered with blood here.
You see here 5 large rocks.
You barely miss Jory. You headbutt Jory.
Jory is lightly damaged.
You block Jory's attack. Jory bites you but does no damage.
You slice Jory!! You burn Jory! You headbutt Jory!!
Jory is moderately damaged.
You block Jory's attack. Jory bites you but does no damage.
You slice Jory!! You burn Jory! You headbutt Jory.
Jory is heavily damaged.
You chop Jory into pieces!!! You burn Jory!
You headbutt Jory, but do no damage.
Jory is almost destroyed.
Jory draws life force from you!!!
Jory is healed by the life force!
You are too injured to fight recklessly!
You are too injured to fight recklessly!
You are too injured to fight recklessly!
You closely miss Jory. Your headbutt misses Jory.
Jory is severely damaged.
You block Jory's attack. Jory bites you!
* * * LOW HITPOINT WARNING * * *
Jory draws strength from your injuries!
You barely miss Jory.
Jory is severely damaged.
Jory points at you and mumbles some strange words.
The crystal spear hits you!!!
You die...
Jory screams, "Yes, yes!"

##...###.##..........#..#.#.#.#
#...##.#.##..........#..#.#.#.#
(..##.?####..........'..#########
..##......'..........#..#........
..)[.[)...'..........#..#######..
..##.)..[.#..........#....#.#....
...##..####..........#..###.###..
#...##.#)##..∩...V...#......#....
##...###.##...[[@....####.#.###..
.##...##.##....>.....# #.#.#.#..
..##...#.##...().....# ###.#.#..
...##....##..........# #.....)..
.#####...##..........# #........
.#?..)...############# #########
.######### ##


You could see Jory (empowered).

Vanquished Creatures
  A dread lich (Vaults:5)
  A juggernaut (Depths:1)
  9 caustic shrikes
  2 golden dragons
  A bone dragon (Depths:4)
  2 tentacled monstrosities
  A walking crystal tome (Depths:1)
  Rupert (D:14)
  3 liches
  A walking frostbound tome (Depths:3)
  2 titans
  7 sphinxes
  4 krakens
  3 shadow dragons
  2 storm dragons
  5 tengu reavers
  A draconian knight (Depths:4)
  12 fire giants
  Ilsuiw (Shoals:2)
  13 vault wardens
  12 frost giants
  A draconian scorcher (Depths:4)
  2 deep elf sorcerers
  A juggernaut zombie (Depths:2)
  8 emperor scorpions
  4 ghost moths
  A spriggan defender (Depths:2)
  4 formless jellyfish
  A reaper (Depths:2)
  23 ironbound preservers
  2 caustic shrike zombies (Depths:2)
  9 ironbound thunderhulks
  19 very ugly things
  5 broodmothers
  3 orc warlords (Vaults:1)
  5 vampire knights
  A black draconian (Depths:4)
  2 war gargoyles
  3 dire elephants (Vaults:1)
  A deep elf demonologist (Depths:4)
  19 spark wasps
  8 stone giants
  2 red draconians (Depths:4)
  2 yellow draconians (Depths:4)
  A purple draconian (Depths:4)
  2 white draconians (Depths:4)
  11 ettins
  Josephine (Lair:3)
  15 merfolk impalers
  4 merfolk javelineers
  7 fire dragons
  An entropy weaver (shapeshifter) (D:14)
  2 deep elf high priests
  2 jiangshi (Depths:2)
  6 rakshasas
  11 yaktaur captains
  A peacekeeper (Vaults:3)
  6 entropy weavers
  34 vault guards
  4 great orbs of eyes
  5 hydras
  4 ice dragons
  Erica (Lair:2)
  An alligator snapping turtle (Shoals:4)
  6 merfolk avatars (Shoals:4)
  An ogre mage (Orc:2)
  5 spriggan air magi
  4 jorogumos
  3 radroaches
  17 centaur warriors
  A catoblepas (Lair:4)
  7 ironbound frosthearts
  A death knight (D:15)
  14 boulder beetles
  8 two-headed ogres
  5 deep troll shamans
  A vampire mage (Depths:2)
  5 satyrs
  4 merfolk aquamancers
  7 tengu warriors
  4 death yaks
  A death scarab (Spider:1)
  8 demonic crawlers
  An occultist (Depths:4)
  2 spriggan berserkers (Depths:2)
  3 orc high priests
  7 deep troll earth magi
  6 hell knights
  3 iron trolls
  4 skeletal warriors (D:13)
  A soul eater (Depths:4)
  A fire crab (Lair:3)
  2 skysharks
  Amaemon (D:10)
  A sixfirhy (Depths:2)
  2 shadow demons
  2 pharaoh ants
  10 orb spiders
  A sun moth (shapeshifter) (Vaults:4)
  76 deep trolls
  3 sun moths
  6 phantasmal warriors
  10 sea snakes
  4 flayed ghosts
  A sea snake (shapeshifter) (Vaults:4)
  3 arcanists
  18 ironbound convokers
  A deep elf archer (D:11)
  18 harpies
  16 orc knights
  8 lindwurms
  2 deep elf zephyrmancers (Vaults:3)
  4 deep elf pyromancers
  A tengu zombie (Depths:2)
  7 necromancers
  6 steelbarb worms
  3 orc sorcerers
  12 cyclopes
  33 wolf spiders
  23 manticores
  7 fauns
  A shining eye (shapeshifter) (Vaults:5)
  38 ugly things
  A salamander (Depths:2)
  7 meliai
  2 iron dragon skeletons (Depths:2)
  3 moths of wrath
  11 merfolk sirens
  21 elephants
  18 vault sentinels
  6 kobold blastminers (Orc:1)
  A guardian serpent (Lair:5)
  4 torpor snails
  8 water nymphs
  6 black mambas (Lair:5)
  21 cane toads
  A gargoyle (D:13)
  A cane toad (shapeshifter) (D:15)
  A smoke demon (Depths:4)
  An orange demon (D:10)
  A storm dragon simulacrum (Depths:2)
  An efreet (D:14)
  36 yaktaurs
  12 komodo dragons
  A kobold demonologist (D:10)
  4 rime drakes
  3 tengu conjurers (Depths:1)
  11 trolls
  7 wind drakes
  35 merfolk
  A tengu simulacrum (Depths:2)
  Grinder (D:5)
  A hornet (shapeshifter) (D:13)
  8 polar bears
  27 tarantellas
  3 glass eyes
  6 hornets
  9 snapping turtles
  33 dream sheep
  30 culicivoras
  24 jumping spiders
  A snapping turtle (shapeshifter) (Vaults:4)
  34 slime creatures
  Sigmund (D:3)
  13 wyverns
  3 basilisks
  A basilisk (shapeshifter) (D:13)
  8 humans (D:13)
  32 water elementals
  6 wraiths
  A yak (shapeshifter) (D:15)
  3 spriggans (Depths:2)
  42 yaks
  70 redbacks
  3 steam dragons
  A warg (Orc:2)
  8 vampire mosquitoes
  An acid dragon (D:10)
  31 water moccasins
  2 black bears
  3 ice beasts (D:7)
  13 orc warriors
  2 sky beasts
  8 ogres
  A wolf (shapeshifter) (D:13)
  3 boggarts (D:14)
  10 centaurs
  3 laughing skulls
  13 wolves
  3 kobold brigands
  12 bullfrogs
  A scorpion (D:4)
  A gnoll sergeant (D:9)
  4 wights (D:10)
  7 killer bees
  A bombardier beetle (D:4)
  2 electric eels
  3 howler monkeys
  9 hounds
  21 orc priests
  7 jellies
  Crazy Yiuf (D:2)
  2 sleepcaps
  2 gnoll boudas
  Ijyb (D:5)
  3 iguanas
  15 orc wizards
  11 gnolls
  10 adders
  2 river rats (Sewer)
  2 ufetubi (D:6)
  4 dart slugs
  2 ribbon worms (D:2)
  81 orcs
  6 ball pythons
  A bat (D:1)
  13 endoplasms
  9 giant cockroaches
  10 goblins
  9 hobgoblins
  8 jackals (D:1)
  4 quokkas
  7 frilled lizards
  11 kobolds
  9 rats
  12 tentacles
1769 creatures vanquished.

Vanquished Creatures (collateral kills)
  2 merfolk javelineers (Shoals:4)
  3 merfolk (Shoals:4)
5 creatures vanquished.

Vanquished Creatures (others)
  A vault guard (D:13)
  A merfolk aquamancer (Shoals:3)
  A vampire mage (Depths:3)
  An occultist (Depths:4)
  A spriggan berserker (Depths:2)
  A frost giant zombie (Depths:2)
  A merfolk (Shoals:4)
  A tarantella (Spider:3)
  A jumping spider (Spider:1)
  A water elemental (Shoals:3)
  An orc wizard (D:3)
  An orc (Orc:2)
  20 tentacles
32 creatures vanquished.

Grand Total: 1806 creatures vanquished

Notes
Turn   | Place    | Note
-------+----------+-------------------------------------------
     0 | D:1      | juan097 the Minotaur Fighter began the quest for the Orb.
     0 | D:1      | Reached XP level 1. HP: 19/19 MP: 0/0
   106 | D:1      | Reached XP level 2. HP: 18/27 MP: 1/1
   112 | D:1      | Reached skill level 4 in Fighting
   345 | D:1      | Reached XP level 3. HP: 33/33 MP: 2/2
   816 | D:2      | Reached XP level 4. HP: 36/40 MP: 3/3
   950 | D:2      | Reached skill level 5 in Shields
  1020 | D:2      | Found a faded altar of an unknown god.
  1067 | D:2      | Found Upra's Magic Scroll Shop.
  1074 | D:2      | Identified the +1 spear "Jouteiqujo" {drain, Str-4 Int+2
                  | Dex+7}
  1078 | D:2      | Bought a scroll of teleportation for 42 gold pieces
  1078 | D:2      | Bought a scroll of noise for 14 gold pieces
  1324 | D:2      | Found a runed translucent door.
  1325 | D:2      | Noticed Crazy Yiuf
  1559 | D:3      | Reached skill level 5 in Axes
  1559 | D:3      | Reached XP level 5. HP: 33/46 MP: 4/4
  2224 | D:3      | Found a hazy altar of Hepliaklqana.
  2303 | D:3      | Noticed Sigmund
  2314 | D:3      | Killed Sigmund
  2315 | D:3      | Reached XP level 6. HP: 39/52 MP: 5/5
  2668 | D:4      | Reached XP level 7. HP: 58/59 MP: 6/6
  2855 | D:4      | Reached skill level 1 in Dodging
  2901 | D:4      | Found a glowing drain.
  2908 | Sewer    | Entered a sewer
  3252 | Sewer    | Found a viscous altar of Jiyva.
  3298 | Sewer    | Reached skill level 1 in Throwing
  3444 | D:4      | Reached skill level 1 in Stealth
  4383 | D:2      | Killed Crazy Yiuf
  4439 | D:2      | Bought a scroll of brand weapon for 133 gold pieces
  4501 | D:5      | Entered Level 5 of the Dungeon
  4516 | D:5      | Reached XP level 8. HP: 67/67 MP: 7/7
  4538 | D:5      | Noticed Ijyb
  4541 | D:5      | Noticed Grinder
  4555 | D:5      | Killed Ijyb
  4737 | D:5      | Reached skill level 5 in Fighting
  4956 | D:5      | Paralysed by Grinder for 5 turns
  4964 | D:5      | Killed Grinder
  4965 | D:5      | Reached skill level 5 in Armour
  5398 | D:5      | Reached skill level 6 in Fighting
  5502 | D:6      | Reached skill level 10 in Axes
  5951 | D:6      | Reached XP level 9. HP: 73/75 MP: 8/8
  6439 | D:6      | Found a bloodstained altar of Trog.
  6635 | D:2      | Bought a scroll of enchant armour for 105 gold pieces
  6968 | D:7      | Found a staircase to the Ecumenical Temple.
  8038 | D:7      | Found a blossoming altar of Fedhas.
  8112 | D:7      | Found an ancient bone altar of Kikubaaqudgha.
  8905 | Temple   | Entered the Ecumenical Temple
  8913 | Temple   | Became a worshipper of Warmaster Okawaru
  8944 | D:9      | Noticed a red ugly thing
  8952 | D:8      | Reached skill level 7 in Fighting
  9235 | D:2      | Bought a scroll of immolation for 56 gold pieces
  9235 | D:2      | Bought 3 scrolls of teleportation for 126 gold pieces
  9460 | D:9      | Killed a red ugly thing
  9461 | D:9      | Reached XP level 10. HP: 55/86 MP: 3/9
  9694 | D:9      | Reached * piety under Okawaru
  9695 | D:9      | Reached skill level 5 in Dodging
  9713 | D:9      | Found a radiant altar of Vehumet.
  9753 | D:9      | Reached skill level 1 in Evocations
  9802 | D:9      | Noticed a two-headed ogre
  9813 | D:9      | Killed a two-headed ogre
  9813 | D:9      | Reached ** piety under Okawaru
  9835 | D:9      | Found a staircase to the Lair.
  9905 | D:9      | Reached skill level 8 in Fighting
 10343 | D:10     | Entered Level 10 of the Dungeon
 10343 | D:10     | Found a large runed translucent door.
 10343 | D:10     | Found a large runed translucent door.
 10357 | D:10     | Found a large runed translucent door.
 10357 | D:10     | Found a large runed translucent door.
 10369 | D:10     | Noticed an eight-headed hydra
 10394 | D:10     | Noticed a two-headed ogre
 10400 | D:10     | Killed a two-headed ogre
 10401 | D:10     | Reached skill level 5 in Throwing
 10615 | D:10     | Noticed a +0 falchion
 10615 | D:10     | Noticed a +0 dagger
 10615 | D:10     | Noticed a +0 dagger
 10616 | D:10     | Noticed a +0 spear
 10616 | D:10     | Noticed a +0 short sword
 10616 | D:10     | Noticed a +0 spear
 10616 | D:10     | Noticed a +0 short sword
 10616 | D:10     | Noticed a +0 falchion
 10632 | D:10     | Found a hide-covered altar of Uskayaw.
 10650 | D:10     | Reached *** piety under Okawaru
 10658 | D:10     | Reached XP level 11. HP: 82/94 MP: 3/10
 10696 | D:10     | Noticed a two-headed ogre
 10708 | D:10     | Killed a two-headed ogre
 10778 | D:10     | Found a basalt altar of Yredelemnul.
 10858 | D:10     | Found a staircase to the Orcish Mines.
 10913 | D:10     | Found a sparkling altar of Nemelex Xobeh.
 10988 | D:10     | Noticed a two-headed ogre
 10994 | D:10     | Killed a two-headed ogre
 10995 | D:10     | Reached skill level 1 in Invocations
 11001 | D:10     | Noticed a tengu warrior
 11166 | D:10     | Reached **** piety under Okawaru
 11241 | Orc:1    | Entered Level 1 of the Orcish Mines
 11448 | Orc:2    | Entered Level 2 of the Orcish Mines
 11562 | Orc:2    | Noticed an orc sorcerer
 11568 | Orc:2    | Noticed an orc knight
 11578 | Orc:1    | Killed an orc sorcerer
 11579 | Orc:1    | Reached skill level 5 in Evocations
 11671 | Orc:1    | Killed an orc knight
 11707 | Orc:1    | Reached ***** piety under Okawaru
 12225 | Orc:1    | Received a gift from Okawaru
 12302 | Orc:2    | Noticed an orc knight
 12311 | Orc:1    | Reached skill level 5 in Invocations
 12467 | Orc:2    | Noticed an orc sorcerer
 12695 | Orc:2    | Killed an orc sorcerer
 12697 | Orc:2    | Killed an orc knight
 12836 | Orc:2    | Noticed a two-headed ogre
 12836 | Orc:2    | Noticed an orc high priest
 12848 | Orc:2    | Killed a two-headed ogre
 12853 | Arena    | Entered the Arena
 12857 | Arena    | Killed an orc high priest
 12858 | Arena    | Reached XP level 12. HP: 29/101 MP: 5/16
 13179 | Orc:2    | Noticed a two-headed ogre
 13204 | Orc:2    | Killed a two-headed ogre
 13437 | Orc:2    | Found a staircase to the Elven Halls.
 13540 | Orc:2    | Noticed an orc high priest
 13689 | Orc:2    | Killed an orc high priest
 13711 | Orc:2    | Noticed an orc high priest
 13712 | Orc:2    | Noticed an ogre mage
 13718 | Orc:2    | Killed an orc high priest
 13728 | Orc:2    | Killed an ogre mage
 13729 | Orc:2    | Reached skill level 9 in Fighting
 13734 | Orc:2    | Found Raluiq Eklag's Antique Armour Shop.
 13734 | Orc:2    | Found Fibluona's Magic Scroll Shoppe.
 13736 | Orc:2    | Found Xeelauck's Armour Shop.
 13736 | Orc:2    | Found Nizim's Assorted Antiques.
 13745 | Orc:2    | Bought an inky potion for 27 gold pieces
 13745 | Orc:2    | Bought a yellow potion for 27 gold pieces
 13747 | Orc:2    | Bought 2 scrolls of blinking for 225 gold pieces
 13747 | Orc:2    | Bought a scroll of identify for 30 gold pieces
 14062 | Orc:2    | Received a gift from Okawaru
 14988 | Lair:1   | Entered Level 1 of the Lair of Beasts
 15082 | Orc:2    | Bought a pair of embroidered gloves for 232 gold pieces
 15086 | Orc:2    | Bought a dazzling ring mail for 279 gold pieces
 15086 | Orc:2    | Identified the +1 ring mail of Complete Protection {Fly}
                  | (You bought it in a shop on level 2 of the Orcish Mines)
 15092 | Orc:2    | Bought a scroll of identify for 60 gold pieces
 15094 | Orc:2    | Bought a scroll of vulnerability for 60 gold pieces
 15431 | Lair:1   | Reached skill level 10 in Fighting
 15437 | Lair:1   | Reached skill level 5 in Stealth
 15726 | Lair:1   | Noticed an eight-headed hydra
 15873 | Lair:1   | Received a gift from Okawaru
 16267 | Lair:2   | Noticed Erica
 16277 | Lair:2   | Killed Erica
 16278 | Lair:2   | Reached skill level 10 in Invocations
 16553 | Lair:2   | Reached XP level 13. HP: 109/113 MP: 6/19
 16653 | Lair:2   | Found a staircase to the Shoals.
 17046 | Lair:2   | Paralysed by a hornet for 1 turns
 17178 | Lair:2   | Identified the +9 dagger "Amek" {spect, rElec rN++ Int+2}
 17323 | Lair:2   | Reached skill level 15 in Axes
 17481 | Lair:2   | Found a hole to the Spider Nest.
 18007 | Lair:3   | Received a gift from Okawaru
 18297 | Lair:3   | Noticed Josephine
 18318 | Lair:3   | Killed Josephine
 19230 | Lair:4   | Received a gift from Okawaru
 19713 | Lair:4   | Reached skill level 11 in Fighting
 19765 | Lair:4   | Received a gift from Okawaru
 19811 | Lair:4   | Reached XP level 14. HP: 124/124 MP: 21/21
 20618 | Lair:5   | Entered Level 5 of the Lair of Beasts
 20751 | Lair:5   | Reached skill level 10 in Armour
 21324 | Lair:5   | Reached ****** piety under Okawaru
 21325 | Lair:5   | Reached skill level 12 in Fighting
 21328 | Lair:5   | Acquired the +8 war axe "Efutoin" {vamp, Str+3 Int+3 Dex+4}
 21328 | Lair:5   | Received a gift from Okawaru
 21335 | Lair:5   | Acquired the +2 hat of Ronacoxt {rElec rF+ Str+4 Slay-3}
 21335 | Lair:5   | Received a gift from Okawaru
 21350 | Lair:5   | Received a gift from Okawaru
 21681 | Lair:5   | Received a gift from Okawaru
 21996 | Lair:5   | Found a staircase to the Slime Pits.
 22356 | Lair:5   | Identified the ring "Ifawnif" {Will+ Str+4 SInv}
 22678 | D:9      | Upgraded the game from 0.31.0-7-gf635a9b802 to
                  | 0.31.0-9-g3a7656b989
 22929 | D:10     | Noticed Amaemon
 22947 | D:10     | Killed Amaemon
 23628 | D:11     | Received a gift from Okawaru
 23710 | D:11     | Found a runed translucent door.
 23885 | D:11     | Noticed a sphinx
 23889 | D:11     | Killed a sphinx
 23890 | D:11     | Reached XP level 15. HP: 132/132 MP: 21/24
 24915 | D:13     | Received a gift from Okawaru
 25136 | D:13     | Got the Information on Toxic Calefaction
 25297 | D:13     | You fall into a shaft and drop 1 floor!
 25458 | D:13     | Received a gift from Okawaru
 25467 | D:13     | Reached skill level 10 in Evocations
 25492 | D:13     | Found a gate to the Vaults.
 26529 | D:14     | Received a gift from Okawaru
 26782 | D:14     | Noticed Rupert
 26795 | D:14     | Killed Rupert
 26796 | D:14     | Reached skill level 10 in Throwing
 27181 | D:15     | Entered Level 15 of the Dungeon
 27205 | D:15     | Got the Atlas of Bodies
 27374 | D:15     | Found a staircase to the Depths.
 27382 | D:15     | Received a gift from Okawaru
 27745 | D:15     | Reached XP level 16. HP: 140/140 MP: 23/25
 28269 | Spider:1 | Entered Level 1 of the Spider Nest
 28526 | Spider:1 | Received a gift from Okawaru
 29406 | Spider:1 | Reached skill level 13 in Fighting
 29417 | Spider:1 | Received a gift from Okawaru
 30643 | Spider:2 | Received a gift from Okawaru
 30784 | Spider:2 | Learned a level 2 spell: Blink
 31550 | Spider:2 | Reached skill level 15 in Invocations
 31881 | Spider:3 | Received a gift from Okawaru
 32089 | Spider:3 | Reached skill level 14 in Fighting
 32325 | Spider:3 | Got The Second Course in Witchery
 32397 | Spider:3 | Received a gift from Okawaru
 32398 | Spider:3 | Reached XP level 17. HP: 149/152 MP: 22/27
 33405 | Shoals:1 | Entered Level 1 of the Shoals
 33489 | Shoals:1 | Found Riyshriec's Specific Store.
 33489 | Shoals:1 | Found Wadaim's General Store.
 33497 | Shoals:1 | Bought 4 datura-tipped darts for 43 gold pieces
 33501 | Shoals:1 | Bought a potion of haste for 180 gold pieces
 33748 | Shoals:1 | Received a gift from Okawaru
 33843 | Shoals:1 | Found Juirham's Antique Weapon Boutique.
 34138 | Shoals:1 | Noticed a kraken
 34154 | Shoals:1 | Killed a kraken
 34509 | Shoals:1 | Noticed a kraken
 34521 | Shoals:1 | Killed a kraken
 34931 | Shoals:2 | Received a gift from Okawaru
 34937 | Shoals:2 | Noticed a kraken
 34953 | Shoals:2 | Killed a kraken
 35052 | Shoals:2 | Noticed Ilsuiw
 35066 | Shoals:2 | Killed Ilsuiw
 35071 | Shoals:2 | Reached skill level 15 in Fighting
 36300 | Shoals:3 | Received a gift from Okawaru
 36798 | Shoals:3 | Reached XP level 18. HP: 125/163 MP: 14/28
 36955 | Shoals:3 | Reached skill level 15 in Armour
 37504 | Shoals:4 | Entered Level 4 of the Shoals
 37634 | Shoals:4 | Found an ornate altar of the Wu Jian Council.
 37960 | Shoals:4 | Found a shimmering altar of Xom.
 37966 | Shoals:4 | Received a gift from Okawaru
 38795 | Shoals:4 | Received a gift from Okawaru
 39620 | Shoals:4 | Got a barnacled rune of Zot
 39765 | Shoals:4 | Identified the +1 lajatang of Iconoclasm {antimagic, *Slow
                  | Fly Will++ Dex+3}
 40435 | Spider:4 | Entered Level 4 of the Spider Nest
 40461 | Spider:3 | Reached skill level 1 in Translocations
 40905 | Spider:4 | Received a gift from Okawaru
 41856 | Spider:4 | Received a gift from Okawaru
 42060 | Spider:4 | Reached skill level 5 in Translocations
 42197 | Spider:4 | Got a gossamer rune of Zot
 42243 | Spider:4 | Reached skill level 16 in Fighting
 42301 | Spider:4 | Reached XP level 19. HP: 115/172 MP: 29/29
 43096 | Vaults:1 | Entered Level 1 of the Vaults
 43196 | Vaults:1 | Received a gift from Okawaru
 43615 | Vaults:1 | Received a gift from Okawaru
 44656 | Vaults:2 | Received a gift from Okawaru
 45356 | Vaults:2 | Found a staircase to the Crypt.
 45356 | Vaults:2 | Found an ancient bone altar of Kikubaaqudgha.
 45357 | Vaults:2 | Found a basalt altar of Yredelemnul.
 45492 | Vaults:2 | Paralysed by a formless jellyfish for 1 turns
 45496 | Vaults:2 | Paralysed by a formless jellyfish for 1 turns
 45690 | Vaults:2 | Received a gift from Okawaru
 45799 | Vaults:2 | Reached skill level 10 in Dodging
 46097 | Vaults:2 | Reached XP level 20. HP: 182/182 MP: 30/30
 46488 | Vaults:2 | Identified the ring "Fasm" {Fire ^Drain Int+4 Stlth+}
 46576 | Vaults:3 | Received a gift from Okawaru
 46617 | Vaults:3 | Reached skill level 10 in Shields
 46620 | Vaults:3 | Reached skill level 17 in Fighting
 47095 | Vaults:3 | Reached skill level 1 in Spellcasting
 47442 | Vaults:3 | Received a gift from Okawaru
 48310 | Vaults:3 | Reached skill level 10 in Translocations
 48615 | Vaults:4 | Received a gift from Okawaru
 48778 | Vaults:4 | Found Sefiw's Book Emporium.
 48927 | Vaults:4 | Reached skill level 18 in Fighting
 49066 | Vaults:4 | Reached skill level 15 in Throwing
 49501 | Vaults:4 | Received a gift from Okawaru
 49518 | Vaults:4 | Reached XP level 21. HP: 194/194 MP: 22/31
 49939 | Vaults:4 | Learned a level 2 spell: Lesser Beckoning
 49944 | Vaults:4 | Learned a level 4 spell: Manifold Assault
 50328 | D:2      | Bought a scroll of torment for 133 gold pieces
 50328 | D:2      | Bought a scroll of immolation for 56 gold pieces
 50597 | Orc:2    | Bought a scroll of teleportation for 45 gold pieces
 50602 | Orc:2    | Bought a glowing plate armour for 806 gold pieces
 50614 | Orc:2    | Bought a shiny plate armour for 806 gold pieces
 50813 | Depths:1 | Entered Level 1 of the Depths
 51177 | Depths:1 | Identified the +1 scale mail of the Chimera {rPois Int+2}
 51414 | Depths:1 | Received a gift from Okawaru
 51520 | Depths:1 | Found a one-way gate leading to the halls of Pandemonium.
 52062 | Depths:1 | Found a gateway to Hell.
 52103 | Depths:1 | Found a one-way gate to the infinite horrors of the Abyss.
 52318 | Depths:1 | Noticed a juggernaut
 52337 | Depths:1 | Killed a juggernaut
 52658 | Depths:2 | Received a gift from Okawaru
 53550 | Depths:2 | Received a gift from Okawaru
 53747 | Depths:2 | Reached skill level 19 in Fighting
 54674 | Depths:2 | Noticed a golden dragon
 54686 | Depths:2 | Killed a golden dragon
 55106 | Depths:3 | Received a gift from Okawaru
 55184 | Depths:3 | Reached XP level 22. HP: 206/206 MP: 32/32
 55335 | Depths:3 | Noticed a caustic shrike
 55350 | Depths:3 | Killed a caustic shrike
 55467 | Depths:3 | Noticed a caustic shrike
 55468 | Depths:3 | Noticed a caustic shrike
 55468 | Depths:3 | Noticed a caustic shrike
 55469 | Depths:3 | Noticed a caustic shrike
 55470 | Depths:3 | Noticed a caustic shrike
 55474 | Depths:3 | Killed a caustic shrike
 55475 | Depths:3 | Killed a caustic shrike
 55477 | Depths:3 | Killed a caustic shrike
 55480 | Depths:3 | Killed a caustic shrike
 55481 | Depths:3 | Killed a caustic shrike
 55645 | Depths:3 | Received a gift from Okawaru
 55902 | Depths:3 | Reached skill level 20 in Fighting
 56036 | Depths:3 | Found a one-way gateway to a ziggurat.
 56103 | Depths:4 | Entered Level 4 of the Depths
 56514 | Depths:4 | Found a gate to the Realm of Zot.
 56778 | Depths:4 | Found Myoff's Self-Improvement Boutique.
 56865 | Depths:4 | Received a gift from Okawaru
 57313 | Depths:4 | Noticed a caustic shrike
 57313 | Depths:4 | Noticed a caustic shrike
 57313 | Depths:4 | Noticed a caustic shrike
 57318 | Depths:4 | Killed a caustic shrike
 57321 | Depths:4 | Killed a caustic shrike
 57324 | Depths:4 | Killed a caustic shrike
 58239 | Vaults:5 | Entered Level 5 of the Vaults
 58241 | Vaults:5 | Noticed a golden dragon
 58243 | Vaults:5 | Noticed a dread lich
 58264 | Vaults:5 | Killed a golden dragon
 58265 | Vaults:5 | Reached skill level 5 in Spellcasting
 58268 | Vaults:5 | Killed a dread lich
 58271 | Vaults:5 | Received a gift from Okawaru
 58280 | Vaults:5 | Reached XP level 23. HP: 217/217 MP: 33/33
 59071 | Vaults:5 | Noticed Jory
 59269 | Arena    | Entered the Arena
 59304 | Vaults:4 | Killed from afar by Jory

Illustrated notes

Levels and vault maps discovered:
D:1:      tarquinn_simple_flora_water_d, layout_rooms,
          chequers_serial_rivers_micro_c, minmay_tree_intersection
D:2:      layout_rooms, serial_forest, infiniplex_forest_clump_small,
          infiniplex_forest_clump_curved, infiniplex_forest_lined_2,
          infiniplex_forest_end_3, infiniplex_forest_fountain,
          infiniplex_forest_lined_room_3, ebering_ecumenical_altar_rust,
          serial_shops, shop, nicolae_elevator_lobby_asterisk,
          uniq_crazy_yiuf_cottage
D:3:      layout_loops_corners, nicolae_hepliaklqana_hippocampus, uniq_sigmund
D:4:      layout_basic, mainiacjoe_sewer_entry_somewhere_in_here_1,
          ebering_dispersal_statue_hall
D:5:      layout_basic, serial_bayou_lake_a, uniq_grinder, uniq_ijyb
D:6:      layout_cave_pods, trog_antimagical
D:7:      layout_loops_ring, mainiacjoe_overflow_alcove_2, kennysheep_mini,
          minmay_temple_entry_from_below_b, serial_co_window_serial,
          co_window_paths_b, co_window_corner_a, co_window_corner_a,
          co_window_paths_a, co_window_paths_b, co_window_2corner,
          co_window_2corner, co_window_broadway_a, co_window_corner_ca,
          co_window_corner_cb, co_window_unsneaky_path_c, co_window_paths_d,
          glass_columns_a
D:8:      layout_basic, patterned_corridor
D:9:      layout_rooms, overflow_temple_1_default, erik_lair_island
D:10:     layout_irregular_city, lemuel_crystal_altar,
          nicolae_uskayaw_en_pointe, lemuel_crystal_altar, hiddenorc2_lemuel,
          nrook_mini_backslash, grunt_decor_arrowhead,
          minmay_hollow_rounded_squares, uniq_amaemon
D:11:     layout_big_octagon, minivault_13
D:12:     layout_basic
D:13:     dreamdust_cave_troll, layout_cave_pools, ximxim_vaults_locker_room
D:14:     layout_roguey, roderic_lattice_octagonal_star, grunt_ogre_cave,
          minmay_puff, uniq_rupert
D:15:     hellmonk_depths_entry_around_the_bend, layout_loops_ring,
          hangedman_decor_growths, grunt_decor_one_mirror
Temple:   eino_narrow_crystal_temple
Lair:1:   layout_regular_city, beast_lair_carwin_3
Lair:2:   layout_roguey, minmay_shoals_entry_lonely_mermaid,
          spider_nest_entry_funnel_web, uniq_erica
Lair:3:   layout_regular_city, cheibrodos_lair_lostbears,
          infiniplex_staircase_pool, uniq_josephine
Lair:4:   layout_gridlike, st_stairs_8
Lair:5:   hangedman_lair_tendril_chambers, layout_cave_shapes, slime_entry_1,
          dreamdust_gnoll_shepherd, serial_bayou_shore_a, lemuel_fruit_tree
Shoals:1: layout_shoals, serial_shops, shop, nicolae_specific_store
Shoals:2: layout_shoals, nicolae_shoals_gull_way, uniq_ilsuiw
Shoals:3: cheibrodos_shoals_roost, layout_shoals
Shoals:4: shoals_end_hangedman, layout_shoals, hangedman_feature_mirror
Spider:1: nicolae_spider_brood_tunnel
Spider:2: layout_chambers, hangedman_spider_tarantella_strand
Spider:3: layout_spider_delve, nicolae_spider_rock_and_or_roll
Spider:4: guppyfry_spider_rune
Orc:1:    nicolae_orc_accident_2, layout_diamond_mine
Orc:2:    grunt_orc_tribal_feast, layout_diamond_mine, nicolae_orc_stony_grotto
Vaults:1: nicolae_vaults_disjoint_gnomons,
          vaults_standard_mumra_enter_the_diamond,
          nicolae_vaults_storage_closets_2,
          vaults_standard_mumra_enter_the_diamond, vaults_mumra_minichess,
          vaults_room_door_hall, nicolae_vaults_big_angled_halls,
          nicolae_vaults_trapezoid_lopsided_1, nicolae_vaults_tetromino_L_2,
          vaults_dpeg_hooks, vaults_room_ringed_pool,
          ontoclasm_vaults_loading_screen, nicolae_vaults_apartment_1,
          vaults_dpeg_ring, layout_vaults_ring
Vaults:2: nicolae_vaults_fighting_squares, v_misc_28,
          minmay_crypt_entry_necro_gods, vaults_room_hallway,
          nicolae_vaults_more_shelving_2, v_misc_5, hangedman_vaults_slice,
          hangedman_vaults_cutoff, nicolae_vaults_trapezoid_2,
          nicolae_vaults_heist, layout_vaults_chaotic_city
Vaults:3: nicolae_vaults_tetromino_T_2, vaults_room_grid,
          nicolae_vaults_closet_pinwheel_2, ontoclasm_vaults_ring_square,
          v_rooms_4, nicolae_vaults_big_angled_halls, ontoclasm_vaults_pinch,
          vaults_dpeg_spiral, v_misc_9, vaults_room_stairs_pillars,
          nicolae_vaults_storage_room_statues, nicolae_vaults_know_your_exits,
          serial_ice_h, nicolae_vaults_mini_display_case,
          layout_vaults_maze_snakey
Vaults:4: nicolae_vaults_network_s, nicolae_vaults_arrows,
          nicolae_vaults_offset_grid_hallway_2,
          nicolae_vaults_oval_intersection, nicolae_vaults_double_plus_1,
          v_misc_24, nicolae_vaults_mitosis, nicolae_vaults_more_shelving_1,
          v_misc_26, v_misc_15, serial_library_hellmonk_open_cross,
          ontoclasm_vaults_shuriken, v_rooms_2, layout_vaults_omnibox,
          serial_shops, shop
Vaults:5: serial_shops, uniq_sojobo, uniq_jory
Depths:1: layout_gridville, pan_entry, pf_vacation_house_of_asmodeus,
          minivault_11, abyss_entry, minmay_shattered_shrine
Depths:2: evilmike_lava_path, layout_cave_pools, nrook_pool_corridor,
          abyss_entry, grunt_hell_entry_dis_old, rand_demon_pan_entry_4,
          roderic_lattice_a
Depths:3: kennysheep_blocky_hall, layout_cave_pools, enter_ziggurat_a,
          hell_entry, abyss_entry, lemuel_old_faithful
Depths:4: grunt_x_marks_the_spot, layout_honeycomb, reono_crystal_passage,
          grunt_pan_entry_in_and_out, nicolae_abyss_entry_one_way_or_another,
          hangedman_coc_ice_floe, nicolae_shop_self_help

Skill      XL: |  1  2  3  4  5  6  7  8  9 10 11 12 13 14 15 16 17 18 19 20 21 22 23 |
---------------+----------------------------------------------------------------------+-----
Fighting       | 4 6 7 8 10 11 12 14 15 16 18 19 20 | 20.9
Shields        | 4 5 6 7 8 9 10 11 12 | 12.0
Axes           | 3 5 7 8 10 12 13 14 16 17 18 | 18.0
Dodging        | 2 3 4 5 6 7 9 10 12 13 | 13.4
Armour         | 4 5 6 8 9 10 13 14 15 16 17 18 19 | 19.1
Throwing       | 1 2 3 5 6 10 12 14 15 16 | 16.9
Stealth        | 1 2 6 8 |  8.0
Evocations     | 3 6 8 10 11 12 13 14 | 14.0
Invocations    | 7 10 11 13 14 15 | 15.0
Translocations | 5 9 10 11 | 11.0
Spellcasting   | 4 5 |  5.0

Action                     |  1- 3 |  4- 6 |  7- 9 | 10-12 | 13-15 | 16-18 | 19-21 | 22-24 || total
---------------------------+-------+-------+-------+-------+-------+-------+-------+-------++-------
  Melee: War axe           |    84 |    98 |   291 |   512 |   994 |  1232 |  1452 |   467 ||  5130
         Headbutt          |     6 |    20 |    53 |   110 |   266 |   337 |   480 |   175 ||  1447
         Scimitar          |       |       |       |       |    16 |       |       |       ||    16
         Broad axe         |       |       |       |       |       |       |       |    38 ||    38
  Throw: Dart              |       |     4 |    37 |    65 |    17 |   294 |     4 |     7 ||   428
         Boomerang         |       |       |       |       |   113 |   201 |   199 |   122 ||   635
         Javelin           |       |       |       |       |     2 |    15 |    76 |     8 ||   101
         Throwing net      |       |       |       |       |     1 |       |       |       ||     1
   Cast: Blink             |       |       |       |       |       |       |     1 |       ||     1
 Invoke: Heroism           |       |       |       |     6 |     3 |       |     3 |     1 ||    13
         Duel              |       |       |       |     1 |       |       |       |     1 ||     2
         Finesse           |       |       |       |       |     3 |     2 |     5 |     1 ||    11
         Receive Weapon    |       |       |       |       |     1 |       |       |       ||     1
         Receive Armour    |       |       |       |       |     1 |       |       |       ||     1
  Evoke: Wand              |       |       |     3 |     5 |     5 |    95 |     4 |     2 ||   114
         Tin of tremorston |       |       |       |       |       |       |     2 |     3 ||     5
    Use: Potion            |       |     1 |       |       |     1 |     3 |       |     5 ||    10
         Scroll            |       |       |    11 |     5 |    15 |     4 |     3 |     1 ||    39
   Stab: Sleeping          |       |       |       |     1 |       |       |       |       ||     1
         Petrified         |       |       |       |       |     5 |       |       |       ||     5
         Petrifying        |       |       |       |       |     2 |       |       |       ||     2
         Distracted        |       |       |       |       |       |       |     2 |       ||     2
 Armour: Scale mail        |    71 |    58 |   184 |   112 |       |       |       |       ||   425
         Acid dragon scale |       |       |       |   193 |       |       |       |       ||   193
         Chain mail        |       |       |       |    12 |   716 |  1125 |   901 |       ||  2754
         Plate armour      |       |       |       |       |       |       |    28 |   432 ||   460
  Dodge: Dodged            |    38 |    28 |   106 |   233 |   436 |   732 |   703 |   265 ||  2541
  Block: Buckler           |    21 |    14 |    50 |   105 |   229 |   363 |   255 |       ||  1037
         Kite shield       |       |       |       |       |       |       |   228 |   331 ||   559
